 Dungeon Crawl Stone Soup version 0.28.0-53-g5a82cb258f (webtiles) character file.

Game seed: 1233343680202768967

100 Zeld the Chiller (level 4, -1/30 HPs)
             Began as a Merfolk Ice Elementalist on May 20, 2022.
             Succumbed to Ijyb's poison
             ... on level 3 of the Dungeon.
             The game lasted 00:03:10 (3567 turns).

Zeld the Chiller (Merfolk Ice Elementalist)         Turns: 3567, Time: 00:03:10

Health: -1/30      AC:  2    Str:  8    XL:     4   Next: 73%
Magic:  2/8        EV: 13    Int: 16    God:
Gold:   104        SH:  0    Dex: 14    Spells: 2/9 levels left

rFire   . . .      SeeInvis .   (no weapon)
rCold   . . .      Faith    .   (no shield)
rNeg    . . .      Spirit   .   a - +0 robe
rPois   .          Reflect  .   (no helmet)
rElec   .          Harm     .   (no cloak)
rCorr   .          Rampage  .   (no gloves)
Will    .....                   (no boots)
Stlth   ++........              (no amulet)
HPRegen 0.10/turn               (no ring)
MPRegen 0.11/turn               (no ring)

@: lethally poisoned (-1 -> -33), freezing walls
A: (nimble swimmer 2), mertail
a: no special abilities


You were on level 3 of the Dungeon.
You visited 1 branch of the dungeon, and saw 3 of its levels.

You collected 104 gold pieces.

Inventory:

Armour
 a - a +0 robe (worn)
Scrolls
 d - 3 scrolls of fear {unknown}
 e - a scroll of immolation {unknown}
 g - a scroll of identify {unknown}
Potions
 b - a potion of cancellation {unknown}
 c - a potion of mutation {unknown}
 f - a potion of flight {unknown}


   Skills:
 + Level 3.7 Dodging
 - Level 2.1 Stealth
 * Level 3.1 Spellcasting
 * Level 5.3 Ice Magic


You had 2 spell levels left.
You knew the following spells:

 Your Spells              Type           Power      Damage    Failure   Level
a - Freeze                Ice            76%        1d9       1%          1
b - Frozen Ramparts       Ice            38%        1d5       6%          3
c - Ozocubu's Armour      Ice            19%        N/A       6%          3

Your spell library contained the following spells:

 Spells                   Type           Power      Damage    Failure   Level
 Hailstorm                Conj/Ice       11%        3d5       52%         4


Dungeon Overview and Level Annotations

Branches:
Dungeon (3/15)

Altars:
Okawaru
Beogh


Innate Abilities, Weirdness & Mutations

((You are very nimble when in or above water. (Stealth+, EV+, Speed+++)))
Your lower body shifts to a powerful aquatic tail in water.


Message History

Press: ? - help, Dir - look around, f - activate A stone staircase leading up.
The walls around you are covered in ice.
The wall freezes Ijyb.
Ijyb hits you with a +4 dagger of venom.
You are poisoned.
Casting: Frozen Ramparts (dangerous; 6% risk of failure)
Confirm with . or Enter, or press ? or * to list all spells.
Aiming: Freeze (safe; 1% risk of failure)
Press: ? - help, Shift-Dir - straight line, f - Ijyb
Aim: Ijyb, wielding a +4 dagger of venom, wearing a +0 leather armour and carrying a wand of iceblast (8) (lightly wounded)
You freeze Ijyb.
Ijyb is lightly wounded.
You feel very sick.
The wall freezes Ijyb.
Ijyb hits you with a +4 dagger of venom.
You are lethally poisoned!
Casting: Freeze (safe; 1% risk of failure)
Confirm with . or Enter, or press ? or * to list all spells.
Aiming: Freeze (safe; 1% risk of failure)
Press: ? - help, Shift-Dir - straight line, f/p - Ijyb
Aim: Ijyb, wielding a +4 dagger of venom, wearing a +0 leather armour and carrying a wand of iceblast (8) (moderately wounded)
You freeze Ijyb!
Ijyb is severely wounded.
You feel very sick.
The wall freezes the adder.
The wall freezes Ijyb.
Ijyb hits you with a +4 dagger of venom!
* * * LOW HITPOINT WARNING * * *
You are more poisoned.
The wall freezes the adder.
The adder misses you.
Unknown command.
Okay, then.
Casting: Freeze (safe; 1% risk of failure)
Confirm with . or Enter, or press ? or * to list all spells.
Aiming: Freeze (safe; 1% risk of failure)
Press: ? - help, Shift-Dir - straight line, f/p - Ijyb
Aim: Ijyb, wielding a +4 dagger of venom, wearing a +0 leather armour and carrying a wand of iceblast (8) (almost dead)
You freeze Ijyb.
You kill Ijyb!
You die...

######## #......# ######
#......# .....# #......#
.....# #......# .....#
#......# .....#
#......####
.....###......##@###.##
.......'.......).S......
.....###......##.....#.#
###### #......########
########


You could see an adder.

Vanquished Creatures
  Ijyb (D:3)
  An orc wizard (D:2)
  2 adders
  A worm (D:2)
  A dart slug (D:1)
  5 orcs (D:2)
  7 bats
  6 endoplasms (D:1)
  A giant cockroach (D:2)
  3 goblins
  3 hobgoblins
  2 jackals (D:2)
  3 kobolds
  3 quokkas
  2 ball pythons
  3 frilled lizards
  3 rats
47 creatures vanquished.

Vanquished Creatures (others)
  A bat (D:3)
1 creature vanquished.

Grand Total: 48 creatures vanquished

Notes
Turn   | Place    | Note
-------+----------+-------------------------------------------
     0 | D:1      | Zeld the Merfolk Ice Elementalist began the quest for the
                  | Orb.
     0 | D:1      | Reached XP level 1. HP: 13/13 MP: 3/3
   382 | D:1      | Reached XP level 2. HP: 7/19 MP: 0/5
  1326 | D:1      | Reached XP level 3. HP: 24/24 MP: 4/6
  1330 | D:1      | Learned a level 3 spell: Frozen Ramparts
  1334 | D:1      | Learned a level 3 spell: Ozocubu's Armour
  1929 | D:2      | Found an iron altar of Okawaru.
  2029 | D:2      | Reached skill level 5 in Ice Magic
  2261 | D:2      | Found a faded altar of an unknown god.
  2353 | D:2      | Reached XP level 4. HP: 26/30 MP: 4/8
  2985 | D:3      | Noticed Ijyb
  3567 | D:3      | Killed Ijyb
  3567 | D:3      | Succumbed to Ijyb's poison

Illustrated notes

Levels and vault maps discovered:
D:1:      dpeg_arrival_snail, layout_loops_ring, hangedman_glass_teeth
D:2:      layout_loops_ring, hellmonk_ecumenical_altar_defaced_shrine,
          basic_altar
D:3:      layout_basic, minmay_misc_feat_tower, uniq_ijyb

Skill      XL: |  1  2  3  4 |
---------------+-------------+-----
Dodging        | 3 |  3.7
Ice Magic      | 5 |  5.3
Spellcasting   | 3 |  3.1
Stealth        | |  2.1

Action                   |  1- 3 |  4- 6 || total
-------------------------+-------+-------++-------
Melee: Unarmed           |    27 |     5 ||    32
 Cast: Freeze            |    60 |    13 ||    73
       Frozen Ramparts   |       |     3 ||     3
 Stab: Sleeping          |     2 |     1 ||     3
Armor: Robe              |    10 |     5 ||    15
Dodge: Dodged            |    46 |    14 ||    60
